 Dungeon Sprint DCSS version 0.21-a0-184-g9126a74 (webtiles) character file.

931 Exxon the Carver (level 7, -2/59 HPs)
             Began as a Demonspawn Monk on Aug 11, 2017.
             Was an Elder of Makhleb.
             Slain by a vampire (11 damage)
             ... in the Dungeon (Sprint IX: "|||||||||||||||||||||||||||||").
             The game lasted 00:01:05 (389 turns).

Exxon the Carver (Demonspawn Monk)                   Turns: 389, Time: 00:01:06

Health: -2/59      AC: 13    Str: 14    XL:     7   Next: 86%
Magic:  1/7        EV: 17    Int: 11    God:    Makhleb [****..]
Gold:   0          SH:  0    Dex: 19    Spells: 6/6 levels left

rFire    + . .     SeeInvis .   m - +2 scimitar of Dithmenos's Esteem {freeze, +Blink +Fly Str+2 Dex+2}
rCold    . . .     Gourm    .   (no shield)
rNeg     . . .     Faith    .   p - +2 ring mail
rPois    .         Spirit   .   (no helmet)
rElec    .         Reflect  .   n - +0 cloak
rCorr    .         Harm     .   o - +0 pair of gloves
MR       .....     NoTele   +   (no boots)
Stlth    +++.......             (no amulet)
HPRegen  0.19/turn              r - +2 ring of evasion
MPRegen  0.10/turn              q - +2 ring of protection

@: very slightly contaminated
A: thin metallic scales 1, fire resistance 1, flame cloud immunity
a: Minor Destruction, Lesser Servant of Makhleb, Major Destruction, Renounce
Religion, Evoke Blink, Evoke Flight


You were in the Dungeon.
You worshipped Makhleb.
Makhleb was greatly pleased with you.
You were not hungry.

You visited 1 branch

Inventory:

Hand Weapons
 m - the +2 scimitar of Dithmenos's Esteem (weapon) {freeze, +Blink +Fly Str+2 Dex+2}
   (You found it in the Dungeon)

   It has been specially enchanted to freeze those struck by it, causing extra
   injury to most foes and up to half again as much damage against particularly
   susceptible opponents.
   It can also slow down cold-blooded creatures.
   It affects your strength (+2).
   It affects your dexterity (+2).
   It lets you fly.
   It lets you blink.
Armour
 n - a +0 cloak (worn)
 o - a +0 pair of gloves (worn)
 p - a +2 ring mail (worn)
Jewellery
 q - a +2 ring of protection (right hand)
 r - a +2 ring of evasion (left hand)
Wands
 l - a wand of iceblast (7/15)
Scrolls
 i - 2 scrolls of blinking
 j - 3 scrolls of remove curse
 k - 2 scrolls of amnesia
Potions
 d - 5 potions of curing
 e - 3 potions of heal wounds
 f - a potion of haste
 g - 4 potions of magic
Comestibles
 c - a bread ration


   Skills:
 + Level 6.8 Fighting
 * Level 12.0 Long Blades
 + Level 2.1 Armour
 + Level 6.1 Dodging
 + Level 7.1 Stealth


You had 6 spell levels left.
You didn't know any spells.

Dungeon Overview and Level Annotations

Branches:
Dungeon (1/1)

Altars:
Cheibriados
Dithmenos
Elyvilon
Fedhas
Gozag
Hepliaklqana
Kikubaaqudgha
Makhleb
Nemelex Xobeh
Okawaru
Qazlal
Ru
Sif Muna
Trog
Uskayaw
Vehumet
Wu Jian
Xom
Yredelemnul
Zin
The Shining One
Beogh
Jiyva
Lugonu


Innate Abilities, Weirdness & Mutations

You are partially covered in thin metallic scales. (AC +2)
Your flesh is heat resistant. (rF+)
You are immune to clouds of flame.


Message History

You closely miss something.
The bullfrog croaks.
Something hits you! Something bites you.
Something draws strength from your injuries!
You miss something. Something closely misses you. x2
You closely miss something. Something hits you!
Something bites you but does no damage.
You hit something. You freeze something. You barely miss something.
Something barely misses you. Something bites you.
Something draws strength from your injuries!
The bullfrog gives a loud, deep croak!
You hit something but do no damage. Something hits you!
* * * LOW HITPOINT WARNING * * *
Something bites you.
* * * LOW HITPOINT WARNING * * *
Something draws strength from your injuries!
You barely miss something.
You flicker back into view.
Something hits you!
You die... ▓▓▓▓▓▓▓▓▓▓▓▓▓▓▓▓▓▓▓▓▓▓ |)....[†......')@{F..+ ▓▓▓▓▓▓▓▓▓▓▓▓▓▓▓▓▓▓▓▓▓▓

You could see a bullfrog.

Vanquished Creatures
  A gargoyle (D)
  A troll (D)
  A slime creature (D)
  An ice beast (D)
  An eye of draining (D)
  A hound (D)
  An adder (D)
  A shadow imp (D)
  An adder skeleton (D)
  An adder zombie (D)
  A leopard gecko (D)
  A bat skeleton (D)
  A giant cockroach (D)
  2 goblins (D)
  A hobgoblin (D)
  A jackal (D)
  A quokka (D)
  A ball python skeleton (D)
  A quokka zombie (D)
20 creatures vanquished.

Notes
Turn   | Place    | Note
-------+----------+-------------------------------------------
     0 | D        | Exxon the Demonspawn Monk began the quest for the Orb.
     0 | D        | Reached XP level 1. HP: 18/18 MP: 1/1
     4 | D        | Reached skill level 3 in Long Blades
    10 | D        | Reached skill level 4 in Long Blades
   120 | D        | Gained mutation: Your flesh is heat resistant. (rF+) [demonic ancestry]
   120 | D        | Reached XP level 2. HP: 24/24 MP: 2/2
   124 | D        | Reached skill level 5 in Long Blades
   137 | D        | Found a roughly hewn altar of Beogh.
   137 | D        | Found a snail-covered altar of Cheibriados.
   137 | D        | Found a shadowy altar of Dithmenos.
   137 | D        | Found a white marble altar of Elyvilon.
   137 | D        | Found a blossoming altar of Fedhas.
   137 | D        | Found an opulent altar of Gozag.
   138 | D        | Found a hazy altar of Hepliaklqana.
   139 | D        | Found a viscous altar of Jiyva.
   140 | D        | Found an ancient bone altar of Kikubaaqudgha.
   141 | D        | Found a corrupted altar of Lugonu.
   142 | D        | Found a burning altar of Makhleb.
   143 | D        | Found a sparkling altar of Nemelex Xobeh.
   144 | D        | Found an iron altar of Okawaru.
   145 | D        | Found a stormy altar of Qazlal.
   146 | D        | Found a sacrificial altar of Ru.
   147 | D        | Found a deep blue altar of Sif Muna.
   148 | D        | Found a bloodstained altar of Trog.
   149 | D        | Found a hide-covered altar of Uskayaw.
   150 | D        | Found a radiant altar of Vehumet.
   152 | D        | Became a worshipper of Makhleb the Destroyer
   152 | D        | Reached * piety under Makhleb
   152 | D        | Reached ** piety under Makhleb
   154 | D        | Found an ornate altar of the Wu Jian Council.
   155 | D        | Found a shimmering altar of Xom.
   156 | D        | Found a basalt altar of Yredelemnul.
   157 | D        | Found a glowing silver altar of Zin.
   158 | D        | Found a glowing golden altar of the Shining One.
   175 | D        | Got the +2 scimitar of Dithmenos's Esteem {freeze, +Blink +Fly Str+2 Dex+2}
   211 | D        | Noticed an ice beast
   215 | D        | Reached XP level 3. HP: 29/29 MP: 3/3
   223 | D        | Reached *** piety under Makhleb
   223 | D        | Reached skill level 6 in Long Blades
   231 | D        | Killed an ice beast
   231 | D        | Reached skill level 8 in Long Blades
   231 | D        | Reached XP level 4. HP: 38/38 MP: 4/4
   231 | D        | Gained mutation: You are immune to clouds of flame. [demonic ancestry]
   231 | D        | Reached XP level 5. HP: 43/43 MP: 5/5
   339 | D        | Noticed a gargoyle
   339 | D        | Noticed a slime creature
   339 | D        | Noticed an eye of draining
   339 | D        | Noticed a troll
   339 | D        | Noticed a vampire
   368 | D        | Killed a gargoyle
   368 | D        | Reached skill level 10 in Long Blades
   368 | D        | Reached skill level 1 in Armour
   368 | D        | Reached skill level 5 in Dodging
   368 | D        | Reached skill level 5 in Stealth
   368 | D        | Reached XP level 6. HP: 31/52 MP: 0/6
   372 | D        | Killed a slime creature
   372 | D        | Reached **** piety under Makhleb
   372 | D        | Reached skill level 11 in Long Blades
   372 | D        | Gained mutation: You are partially covered in thin metallic scales. (AC +2) [demonic ancestry]
   372 | D        | Reached XP level 7. HP: 57/59 MP: 1/7
   380 | D        | Killed a troll
   380 | D        | Reached skill level 12 in Long Blades
   389 | D        | Slain by a vampire

Vault maps used:
D:        linesprint

Skill      XL: |  1  2  3  4  5  6  7 |
---------------+----------------------+-----
Long Blades    | 4 5 8 10 11 12 | 12.0
Dodging        | 3 4 5 6 |  6.1
Stealth        | 2 5 6 7 |  7.1
Fighting       | 4 6 |  6.8
Armour         | 1 2 |  2.1

Action                   |  1- 3 |  4- 6 |  7- 9 || total
-------------------------+-------+-------+-------++-------
Melee: Falchion          |    17 |       |       ||    17
       Scimitar          |    20 |    31 |    15 ||    66
  Use: Potion            |     1 |     1 |       ||     2
 Stab: Invisible         |       |    10 |     2 ||    12
Armor: Ring mail         |     6 |     1 |     1 ||     8
Dodge: Dodged            |    22 |    22 |     8 ||    52
       Rpst.: Falchion   |     3 |       |       ||     3
       Scimitar          |     3 |     3 |     1 ||     7
